 Dungeon Crawl Stone Soup version 0.17-a0-129-g9432df0 (webtiles) character file.

4 Pikaro the Chiller (level 1, -1/13 HPs)
             Began as a Merfolk Ice Elementalist on Mar 24, 2015.
             Slain by a kobold
             ... wielding a +0 whip
              (3 damage)
             ... on level 1 of the Dungeon.
             The game lasted 00:01:19 (116 turns).

Pikaro the Chiller (Merfolk Ice Elementalist)        Turns: 116, Time: 00:01:20

Health: -1/13      AC:  2    Str:  8    XL:     1   Next: 70%
Magic:  2/3        EV: 13    Int: 14    God:
Gold:   0          SH:  0    Dex: 14    Spells: 1 memorised, 3 levels left

rFire  . . .     SeeInvis .     (no weapon)
rCold  . . .     Clarity  .     a - +0 robe
rNeg   . . .     SustAb   .     (no shield)
rPois  .         Gourm    .     (no helmet)
rElec  .         Spirit   .     (no cloak)
rCorr  .         Warding  .     (no gloves)
rMut   .         Stasis   .     (no boots)
MR     .....                    (no amulet)
Stlth  ++........               (no ring)
                                (no ring)

@: not resistant to hostile enchantments, unstealthy
A: change form in water, swift swim
a: no special abilities


You were on level 1 of the Dungeon.
You were not hungry.

You visited 1 branch of the dungeon, and saw 1 of its levels.

Inventory:

Armour
 a - a +0 robe (worn)
Books
 b - a book of Frost
Comestibles
 c - a bread ration


   Skills:
 - Level 2.6 Dodging
 - Level 2.1 Stealth
 - Level 2.0 Spellcasting
   Level 0.7 Conjurations
 + Level 3.7 Ice Magic


You had 3 spell levels left.
You knew the following spells:

 Your Spells              Type           Power        Failure   Level  Hunger
a - Freeze                Ice            ##..         6%          1    ##.....


Dungeon Overview and Level Annotations

Branches:
Dungeon (1/15)

Altars:


Message History

Trunk games don't count for the tournament, you want 0.16.
Play trunk anyway? (Y/N) Welcome, Pikaro the Merfolk Ice Elementalist.
It is said that the Orb of Zot exists deep within this dungeon, but nobody has ever found it.
A rat comes into view.
A bat comes into view.
A giant newt, a goblin and a kobold come into view.
The kobold shouts!
You hit the rat. The rat bites you.
You take 1 damage, and have 12/13 hp.
Adjust (i)tems, (s)pells, or (a)bilities?
Adjust which spell?
A - Freeze Adjust to which letter? a - Freeze
Aim: a rat (moderately wounded)
You freeze the rat.
You kill the rat!
The bat misses you.
The kobold throws a stone.
The stone closely misses you.
You now have 2/3 mp.
Aim: a bat You freeze the bat.
The bat closely misses you.
You now have 1/3 mp.
Aim: a goblin You miscast Freeze.
You are very lightly contaminated with residual magic.
Nothing appears to happen.
The goblin completely misses you.
You now have 0/3 mp.
You closely miss the goblin. The goblin closely misses you.
You closely miss the goblin. The goblin hits you.
You take 1 damage, and have 11/13 hp.
You closely miss the goblin. The goblin barely misses you.
You closely miss the goblin. The goblin barely misses you.
You hit the goblin but do no damage. The goblin barely misses you.
You closely miss the goblin. The goblin hits you.
You take 4 damage, and have 7/13 hp.
MASSIVE DAMAGE!!
Aim: a goblin You freeze the goblin.
You now have 0/3 mp.
You barely miss the goblin. The goblin hits you.
You take 3 damage, and have 4/13 hp.
MASSIVE DAMAGE!!
HP below 50%!
The goblin hits you.
* * * LOW HITPOINT WARNING * * *
You take 2 damage, and have 2/13 hp.
HP below 25%!
Your magical contamination has completely faded away.
A hobgoblin comes into view. It is wielding a club.
The hobgoblin shouts!
Aim: a goblin (heavily wounded)
You freeze the goblin.
You kill the goblin!
The kobold throws a stone.
The stone hits you but does no damage.
You see here a stone.
The kobold throws a stone.
The stone barely misses you.
The giant newt bites you but does no damage.
You see here a stone.
Here: a giant newt A stone.
The floor.
The kobold misses you.
A kobold comes into view. It is wielding a whip.
The kobold shouts!
A kobold comes into view. It is wielding a whip.
The kobold shouts!
The kobold throws a stone.
The stone hits you.
* * * LOW HITPOINT WARNING * * *
You take 2 damage, and have 2/13 hp.
HP below 25%!
Aim: a kobold, wielding a club You freeze the kobold.
You kill the kobold!
The kobold throws a stone.
The stone barely misses you.
You now have 1/3 mp.
A rat comes into view.
The giant newt closely misses you.
You see here a club.
The giant newt bites you.
* * * LOW HITPOINT WARNING * * *
The kobold barely misses you.
You take 1 damage, and have 1/13 hp.
Aim: a hobgoblin, wielding a club You freeze the hobgoblin.
You kill the hobgoblin!
The giant newt bites you but does no damage.
You now have 0/3 mp.
The giant newt closely misses you. a club; a hobgoblin corpse
Aim: a giant newt You freeze the giant newt.
You kill the giant newt!
You now have 1/3 mp.
The kobold hits you with a whip.
You die...

.##.#...#.##......#
....
...#.....#........#
...
###...<...######..#
...#.....#........#
.##.#...#.##......#
#..#.#.#.#..##....#
..#.#.#.#.#...#...#
.#..#.#.#..#......#
#..#..#.(#..#...@.#
...#..#..#...#.K..#
..#...#...#......##
......#.......r..#
............K...##
...†..........###
###############


You could see 2 kobolds and a rat.

Vanquished Creatures
  A goblin (D:1)
  A hobgoblin (D:1)
  A giant newt (D:1)
  A kobold (D:1)
  A rat (D:1)
5 creatures vanquished.

Notes
Turn   | Place    | Note
--------------------------------------------------------------
     0 | D:1      | Pikaro, the Merfolk Ice Elementalist, began the quest for the Orb.
     0 | D:1      | Reached XP level 1. HP: 13/13 MP: 3/3
    33 | D:1      | HP: 2/13 [goblin (2)]
    75 | D:1      | HP: 2/13 [kobold/stone (2)]
   116 | D:1      | Slain by a kobold

Action                   || total
-------------------------++-------
Melee: Unarmed           ||     8
 Cast: Freeze            ||     7

Vault maps used:
D:1:      minmay_arrival_radiant_lines, serial_park_tiny_1

Table legend:
 A = Turns spent in this place as a percentage of turns spent in the entire game.
 B = Non-inter-level travel turns spent in this place as a percentage of non-inter-level travel turns spent in the entire game.
 C = Inter-level travel turns spent in this place as a percentage of turns spent in this place.
 D = Turns resting spent in this place as a percentage of non-inter-level travel turns spent in this place.
 E = Turns spent auto-exploring this place as a percentage of non-inter-level travel turns spent in this place.
 F = Non-inter-level travel turns spent in this place divided by the number of levels of this place that you've seen.
                   A       B       C       D       E      F
               +-------+-------+-------+-------+-------+----------------------
         Total | 100.0 | 100.0 |   0.0 |   0.0 |   0.9 | 108.0
       Dungeon | 100.0 | 100.0 |   0.0 |   0.0 |   0.9 | 108.0
               +-------+-------+-------+-------+-------+----------------------

Table legend:
 A = Kills in this place as a percentage of kills in entire the game.
 B = Kills by you in this place as a percentage of kills by you in the entire game.
 C = Kills by friends in this place as a percentage of kills by friends in the entire game.
 D = Other kills in this place as a percentage of other kills in the entire game.
 E = Experience gained in this place as a percentage of experience gained in the entire game.
 F = Experience gained in this place divided by the number of levels of this place that you have seen.
                   A       B       C       D       E      F
               +-------+-------+-------+-------+-------+----------------------
         Total | 100.0 | 100.0 |  -nan |  -nan | 100.0 |   7.0
       Dungeon | 100.0 | 100.0 |  -nan |  -nan | 100.0 |   7.0
               +-------+-------+-------+-------+-------+----------------------
